 Dungeon Crawl Stone Soup version 0.31-a0-868-g674d60d6f7 (webtiles) character file.

Game seed: 18094025470850094873

321 LeprechaunX the Changeling (level 6, -2/41 HPs)
             Began as an Octopode Shapeshifter on Oct 11, 2023.
             Slain by an ice beast (11 damage)
             ... on level 4 of the Dungeon.
             The game lasted 00:02:56 (3419 turns).

LeprechaunX the Changeling (Octopode Shapeshifter)  Turns: 3419, Time: 00:02:56

Health: -2/41      AC:  1    Str: 16    XL:     6   Next: 46%
Magic:  6/6        EV: 13    Int: 12    God:
Gold:   157        SH:  0    Dex: 11    Spells: 5/5 levels left

rFire   . .          .
                       - Unarmed
rCold   . . .        (no shield)
rNeg    . . .        (helmet currently unavailable)
rPois   .            (no amulet)
rElec   .            n - ring of flight
rCorr   .            (no ring)
SInv    .            (no ring)
Will    .....        (no ring)
Stlth   ++           (no ring)
HPRegen 0.26/turn    (no ring)
MPRegen 0.10/turn    (no ring)
                     (no ring)

%: no passive effects
@: beast-form, flying
A: beast (slay +2), almost no armour, amphibious, 8 rings, camouflage 1,
gelatinous body 1, (nimble swimmer 1), tentacles
a: Begin Untransformation


You were on level 4 of the Dungeon.
You were a hulking beast.
You visited 2 branches of the dungeon, and saw 5 of its levels.

You collected 157 gold pieces.

Inventory:

Jewellery
 n - a ring of flight (left tentacle)
Talismans
 b - a beast talisman (active)
 c - a flux talisman
 r - a maw talisman
Wands
 q - a wand of paralysis (2)
Scrolls
 h - 3 scrolls of teleportation {unknown}
 k - 3 scrolls of identify {unknown}
 l - a scroll of enchant armour {unknown}
 m - 2 scrolls of fog {unknown}
 o - a scroll of fear {unknown}
 p - 3 scrolls of amnesia {unknown}
Potions
 a - a potion of lignification
 d - 2 potions of berserk rage {unknown}
 e - a potion of might {unknown}
 f - 6 potions of curing {unknown}
 g - a potion of mutation {unknown}
 i - a potion of enlightenment {unknown}
 j - 2 potions of cancellation {unknown}


   Skills:
 + Level 2.7 Fighting
 + Level 3.4 Dodging
 + Level 4.1 Unarmed Combat
 * Level 4.7 Shapeshifting


You had 5 spell levels left.
You didn't know any spells.
Your spell library contained the following spells:

 Spells                   Type           Power      Damage    Failure   Level
 Blink                    Tloc           0%         N/A       45%         2
 Summon Guardian Golem    Hex/Summ       0%         N/A       69%         3
 Tukima's Dance           Hex            0%         N/A       69%         3
 Dimensional Bullseye     Hex/Tloc       0%         N/A       97%         4
 Flame Wave               Conj/Fire      0%         2d4       97%         4
 Iskenderun's Mystic Bla  Conj/Tloc      0%         2d3       97%         4
 Manifold Assault         Tloc           0%         N/A       97%         4
 Passage of Golubria      Tloc           0%         N/A       97%         4
 Yara's Violent Unravell  Hex/Tmut       0%         3d3       100%        5
 Chain Lightning          Conj/Air       0%         N/A       100%        9
 Fire Storm               Conj/Fire      0%         5d1       100%        9
 Shatter                  Erth           0%         3d5*      100%        9


Dungeon Overview and Level Annotations

Branches:
Dungeon (4/15)             Temple (1/1) D:4

Altars:
Ashenzari
Elyvilon
Fedhas
Gozag
Kikubaaqudgha
Makhleb
Okawaru
Qazlal
Ru
Sif Muna
Trog
Uskayaw
Vehumet
Wu Jian
Xom
Zin
The Shining One


Innate Abilities, Weirdness & Mutations

You are a hulking beast.
Your limbs bulge with bestial killing power. (Slay +2)
You cannot wear most types of armour.
You are amphibious.
You can wear up to eight rings at the same time.
Your skin changes colour to match your surroundings (Stealth+).
Your rubbery body absorbs attacks. (AC +1, EV +1)
((You are camouflaged when in or above water. (Stealth+)))
You have tentacles for arms and can constrict up to eight enemies at once.


Message History

The slug dart hits you.
You barely miss the ice beast. The ice beast misses you.
You tentacle-slap the ice beast.
The ice beast is lightly wounded.
The dart slug launches a dart at you. The slug dart misses you.
You tentacle-slap the ice beast.
The ice beast is moderately wounded.
The ice beast hits you. The ice beast freezes you!
You tentacle-slap the ice beast but do no damage.
The ice beast is moderately wounded.
The ice beast hits you. The ice beast freezes you.
You are too injured to fight recklessly!
You are too injured to fight recklessly!
You are too injured to fight recklessly!
You are too injured to fight recklessly!
You are too injured to fight recklessly!
You are too injured to fight recklessly!
You are too injured to fight recklessly!
You are too injured to fight recklessly!
You are too injured to fight recklessly!
You are too injured to fight recklessly!
You are too injured to fight recklessly!
You are too injured to fight recklessly!
Unknown command.
You tentacle-slap the ice beast.
You squeeze the ice beast, but do no damage.
The ice beast is moderately wounded.
The ice beast misses you.
Unknown command.
You tentacle-slap the ice beast but do no damage.
The ice beast is moderately wounded.
The ice beast hits you. The ice beast freezes you!
* * * LOW HITPOINT WARNING * * *
You tentacle-slap the ice beast.
The ice beast is heavily wounded.
The ice beast hits you.
* * * LOW HITPOINT WARNING * * *
The ice beast freezes you!
You die...

#.....##.# #.###....#####
########.#...........
#........#.#.........
#........#.#.##.####.
#..........#.##.# #.
#....)..####.##.# #.
#.......+.....#.# #.
#..wh...####..#.####. ####
......Y......##..#...##. ...###
.............##..###.##. .....#
.............##..#...... .#...#
.............##..####### .###.##
.............##.........
.###..########+#########.########
............ # ####..##.... #


You could see an ice beast and a dart slug.

Vanquished Creatures
  A hound (D:4)
  An orc priest (D:4)
  A jelly (D:4)
  An iguana (D:4)
  Ijyb (D:4)
  A gnoll (D:1)
  8 adders
  2 worms
  4 dart slugs
  An orc (D:3)
  7 endoplasms
  5 giant cockroaches
  11 goblins
  6 hobgoblins
  8 jackals
  5 quokkas
  8 ball pythons
  5 bats
  A frilled lizard (D:1)
  7 kobolds
  7 rats
91 creatures vanquished.

Notes
Turn   | Place    | Note
-------+----------+-------------------------------------------
     0 | D:1      | LeprechaunX the Octopode Shapeshifter began the quest for
                  | the Orb.
     0 | D:1      | Reached XP level 1. HP: 13/13 MP: 1/1
   134 | D:1      | Reached XP level 2. HP: 14/18 MP: 2/2
   165 | D:1      | Found a faded altar of an unknown god.
   509 | D:1      | Reached XP level 3. HP: 23/23 MP: 3/3
  1103 | D:2      | Reached XP level 4. HP: 26/29 MP: 4/4
  1441 | D:2      | Found a bloodstained altar of Trog.
  1634 | D:3      | Got a torn book
  1767 | D:3      | Reached XP level 5. HP: 30/34 MP: 5/5
  2212 | D:3      | Found an iron altar of Okawaru.
  2681 | D:4      | Reached XP level 6. HP: 23/41 MP: 6/6
  2860 | D:4      | Found a staircase to the Ecumenical Temple.
  2873 | Temple   | Entered the Ecumenical Temple
  2930 | D:4      | Noticed Ijyb
  2935 | D:4      | Paralysed by Ijyb for 5 turns
  2945 | D:4      | Killed Ijyb
  3409 | D:4      | Noticed an ice beast
  3419 | D:4      | Slain by an ice beast

Illustrated notes

Levels and vault maps discovered:
D:1:      mrwooster_arrival_statue, layout_basic, ebering_ecumenical_altar_webs,
          minmay_3d_cube
D:2:      layout_basic, basic_altar, minmay_quantized
D:3:      layout_loops_corners, kennysheep_okawaru_gauntlet,
          kennysheep_generic_room_3
D:4:      layout_basic, minmay_temple_entry_proselytizer, uniq_ijyb
Temple:   eino_temple_rhombus

Skill      XL: |  1  2  3  4  5  6 |
---------------+-------------------+-----
Fighting       | 2 |  2.7
Shapeshifting  | 4 |  4.7
Dodging        | 3 |  3.4
Unarmed Combat | 4 |  4.1

Action                     |  1- 3 |  4- 6 || total
---------------------------+-------+-------++-------
  Melee: Unarmed           |    54 |   119 ||   173
         Tentacles         |    10 |    20 ||    30
         Constrict         |    18 |    26 ||    44
         Punch             |     3 |     4 ||     7
   Stab: Sleeping          |    11 |     9 ||    20
 Armour: Skin              |    16 |    43 ||    59
  Dodge: Dodged            |    25 |    54 ||    79

Table legend: (Time is in decaauts)
 A = Elapsed time spent in this place.
 B = Non-inter-level travel time spent in this place.
 C = Inter-level travel time spent in this place.
 D = Time resting spent in this place.
 E = Time spent auto-exploring this place.
 F = Levels seen in this place.
 G = Mean time per level.
                   A        B        C        D        E       F      G
               +--------+--------+--------+--------+--------+-----+--------+
         Total |   3406 |   3218 |    188 |      0 |   2703 |   5 |  681.2 |
       Dungeon |   3386 |   3217 |    169 |      0 |   2703 |   4 |  846.5 |
        Temple |     19 |      0 |     19 |      0 |      0 |   1 |   19.0 |
               +--------+--------+--------+--------+--------+-----+--------+

Top non-repeatable levels by time:
     D:3: 1000 daAuts
     D:1: 855 daAuts
     D:4: 816 daAuts
     D:2: 714 daAuts
  Temple: 19 daAuts
